 Dungeon Crawl Stone Soup version 0.29.1-12-g30fa7ad0bf (webtiles) character file.

Game seed: 17247663794686437102

7446 Peloso the Protected (level 10, 0/90 HPs)
             Began as a Minotaur Fighter on Jan 1, 2023.
             Was a High Priest of Okawaru.
             Slain by a yak (10 damage)
             ... on level 10 of the Dungeon.
             The game lasted 00:17:28 (9051 turns).

Peloso the Protected (Minotaur Fighter)             Turns: 9051, Time: 00:17:28

Health: 0/90       AC: 18    Str: 26    XL:     10   Next: 93%
Magic:  10/10      EV: 13    Int:  8    God:    Okawaru [*****.]
Gold:   521        SH:  6    Dex: 13    Spells: 9/9 levels left

rFire   . . .      SeeInvis +   b - +7 hammer of Floods {venom, rN+ Str+4 Int+3 SInv}
rCold   . . .      Faith    .   d - +0 buckler
rNeg    + . .      Spirit   .   c - +3 chain mail
rPois   .          Reflect  .   (helmet restricted)
rElec   .          Harm     .   A - +1 cloak
rCorr   +          Rampage  .   (no gloves)
Will    .....                   D - +0 pair of boots
Stlth   ..........              z - amulet of regeneration
HPRegen 1.05/turn               g - ring of resist corrosion
MPRegen 0.12/turn               j - +4 ring of evasion

@: no status effects
A: horns 2, retaliatory headbutt
a: Renounce Religion, Heroism, Finesse, Duel


You were on level 10 of the Dungeon.
You worshipped Okawaru.
Okawaru was extremely pleased with you.
You visited 2 branches of the dungeon, and saw 11 of its levels.

You collected 521 gold pieces.

Inventory:

Hand Weapons
 a - a +2 falchion
 b - the +7 hammer of Floods (weapon) {venom, rN+ Str+4 Int+3 SInv}
   (You found it on level 5 of the Dungeon)

   It poisons the flesh of those it strikes.
   Str:       It affects your strength (+4).
   Int:       It affects your intelligence (+3).
   rN:        It protects you from negative energy.
   SInv:      It lets you see invisible.
Missiles
 x - 2 throwing nets (quivered)
Armour
 c - a +3 chain mail (worn)
 d - a +0 buckler (worn)
 A - a +1 cloak (worn)
 D - a +0 pair of boots (worn)
Jewellery
 g - a ring of resist corrosion (left hand)
 j - a +4 ring of evasion (right hand)
 o - a ring of wizardry
 q - an amulet of magic regeneration
 z - an amulet of regeneration (around neck)
Wands
 p - a wand of flame (31)
 s - a wand of roots (1)
 t - a wand of mindburst (21)
 H - a wand of polymorph (10)
Scrolls
 e - a scroll of acquirement
 f - 3 scrolls of magic mapping
 w - 3 scrolls of blinking
 y - 3 scrolls of brand weapon {unknown}
 F - 2 scrolls of teleportation
 J - a scroll of butterflies
Potions
 h - 3 potions of brilliance
 i - a potion of haste
 k - 2 potions of invisibility
 l - 2 potions of mutation
 m - 2 potions of curing
 n - 4 potions of ambrosia
 r - 3 potions of might
 u - a potion of heal wounds
 C - a potion of attraction {unknown}
 E - a potion of cancellation
 G - a potion of flight
 I - a potion of degeneration {unknown}


   Skills:
 + Level 8.7 Fighting
 + Level 9.3 Long Blades
 + Level 9.9 Maces & Flails
 + Level 10.5 Armour
 + Level 2.9 Dodging
 + Level 1.1 Stealth
 + Level 7.8 Shields
 + Level 1.4 Invocations


You had 9 spell levels left.
You didn't know any spells.
Your spell library contained the following spells:

 Spells                   Type           Power      Damage    Failure   Level
 Freeze                   Ice            0%         1d3       94%         1
 Shock                    Conj/Air       0%         1d3       94%         1
 Frozen Ramparts          Ice            0%         1d1       100%        3
 Portal Projectile        Hex/Tloc       0%         N/A       100%        3
 Hailstorm                Conj/Ice       0%         3d3       100%        4
 Ice Form                 Ice/Tmut       0%         N/A       100%        4
 Petrify                  Tmut/Erth      0%         N/A       100%        4
 Blade Hands              Tmut           0%         N/A       100%        5
 Metabolic Englaciation   Hex/Ice        0%         N/A       100%        5
 Statue Form              Tmut/Erth      0%         N/A       100%        6
 Tukima's Dance           Hex            Unusable   N/A       N/A         3
 Summon Ice Beast         Ice/Summ       Unusable   N/A       N/A         4

Dungeon Overview and Level Annotations

Branches:
Dungeon (10/15)            Temple (1/1) D:4            Lair (0/5) D:8
    Orc: D:9-12

Altars:
Ashenzari
Cheibriados
Dithmenos
Elyvilon
Fedhas
Gozag
Hepliaklqana
Makhleb
Nemelex Xobeh
Okawaru
Qazlal
Ru
Sif Muna
Trog
Uskayaw
Vehumet
Wu Jian
Xom
Yredelemnul
Zin
The Shining One

Shops:
D:6 *

Annotations:
D:6 2 runed translucent doors, enclume's ghost, novice MiBe


Innate Abilities, Weirdness & Mutations

You have a pair of horns on your head.
You reflexively headbutt those who attack you in melee.


Message History

The vampire bites you.
The vampire draws strength from your injuries!
The yak gores you but does no damage.
You sock the vampire!
The vampire is almost destroyed.
The yak gores you but does no damage. The vampire closely misses you.
The vampire bites you.
* * * LOW HITPOINT WARNING * * *
The vampire draws strength from your injuries!
You hit the vampire. Your headbutt misses the vampire.
The vampire is almost destroyed.
The vampire casts a spell at you.
You are confused.
The yak gores you but does no damage.
You bump into the rock wall.
The vampire draws life force from you.
* * * LOW HITPOINT WARNING * * *
The vampire is healed by the life force!
The yak barely misses you.
You bump into the rock wall.
The vampire points at you and mumbles some strange words.
You are more confused.
The yak gores you but does no damage.
Unknown command.
You feel better. The vampire draws life force from you!
* * * LOW HITPOINT WARNING * * *
The vampire is healed by the life force!
The yak gores you!
* * * LOW HITPOINT WARNING * * *
Unknown command.
You hit the vampire. You headbutt the vampire.
The vampire is almost destroyed.
The vampire points at you and mumbles some strange words.
You resist with some effort. The yak gores you.
* * * LOW HITPOINT WARNING * * *
Unknown command.
You sock the vampire!
You destroy the vampire!
Okawaru accepts your kill. The yak gores you!
You die...

#'## #..## ##.Y#
#######'##
#.......Y#
+........#
##......Y# ###
#.......#######.....
#.......#YYY@...#
#.......YY#######
#.......###
#########


You could see 5 yaks.

Vanquished Creatures
  3 two-headed ogres
  A komodo dragon (D:8)
  Prince Ribbit (D:6)
  Sigmund (D:5)
  A vampire (D:10)
  A wyvern (D:7)
  9 yaks
  Eustachio (D:5)
  A steam dragon (D:8)
  Menkaure (D:6)
  2 orc warriors
  3 ice beasts
  A black bear (D:6)
  A black bear (shapeshifter) (D:9)
  An ogre (D:5)
  A centaur (D:9)
  4 kobold brigands
  A phantom (D:7)
  Blork the orc (D:5)
  2 bullfrogs
  A necrophage (D:5)
  3 scorpions
  5 wights (D:9)
  4 killer bees
  7 howler monkeys
  5 hounds
  A gnoll bouda (D:9)
  A jelly (D:7)
  An orc priest (D:5)
  Crazy Yiuf (D:5)
  7 iguanas
  Ijyb (D:3)
  8 orc wizards
  13 gnolls
  4 adders
  3 white imps (D:5)
  An ufetubus (D:5)
  3 worms
  2 dart slugs
  28 orcs
  14 ball pythons
  6 endoplasms
  4 giant cockroaches
  6 hobgoblins
  7 jackals
  19 kobolds
  2 quokkas (D:4)
  7 bats
  4 frilled lizards
  13 goblins
  3 rats (D:1)
221 creatures vanquished.

Vanquished Creatures (others)
  21 plants (D:8)
21 creatures vanquished.

Grand Total: 242 creatures vanquished

Notes
Turn   | Place    | Note
-------+----------+-------------------------------------------
     0 | D:1      | Peloso the Minotaur Fighter began the quest for the Orb.
     0 | D:1      | Reached XP level 1. HP: 19/19 MP: 0/0
   228 | D:1      | Reached XP level 2. HP: 27/27 MP: 1/1
   437 | D:1      | Reached skill level 4 in Armour
  1049 | D:2      | Reached XP level 3. HP: 33/33 MP: 2/2
  2032 | D:3      | Reached XP level 4. HP: 40/40 MP: 3/3
  2047 | D:3      | Reached skill level 1 in Dodging
  2469 | D:3      | Found a faded altar of an unknown god.
  2591 | D:3      | Noticed Ijyb
  2601 | D:3      | Killed Ijyb
  2602 | D:3      | Reached XP level 5. HP: 12/47 MP: 4/4
  2925 | D:3      | Reached skill level 5 in Armour
  3114 | D:4      | Reached skill level 5 in Long Blades
  3254 | D:4      | Reached XP level 6. HP: 53/53 MP: 5/5
  3397 | D:4      | Found a radiant altar of Vehumet.
  3413 | D:4      | Found a staircase to the Ecumenical Temple.
  3425 | Temple   | Entered the Ecumenical Temple
  3425 | Temple   | Found a transporter.
  3425 | Temple   | Found a transporter.
  3427 | Temple   | Found a transporter.
  3427 | Temple   | Found a transporter.
  3451 | Temple   | Became a worshipper of Warmaster Okawaru
  3985 | D:4      | Found a shimmering blue altar of Sif Muna.
  4028 | D:4      | Got Sif Muna's Volume of Striking
  4209 | D:5      | Entered Level 5 of the Dungeon
  4239 | D:5      | Noticed Sigmund
  4252 | D:5      | Killed Sigmund
  4253 | D:5      | Reached skill level 5 in Fighting
  4383 | D:5      | Reached XP level 7. HP: 61/61 MP: 6/6
  4553 | D:5      | Found a runed translucent door.
  4554 | D:5      | Noticed Crazy Yiuf
  4597 | D:5      | Reached skill level 6 in Armour
  4600 | D:5      | Reached * piety under Okawaru
  5055 | D:5      | Noticed Eustachio
  5056 | D:5      | Noticed Blork the orc
  5079 | D:5      | Killed Blork the orc
  5116 | D:5      | Killed Eustachio
  5117 | D:5      | Reached skill level 5 in Shields
  5117 | D:5      | Reached XP level 8. HP: 57/70 MP: 3/7
  5213 | D:5      | Identified the +0 robe of the Cockroach {Harm *Corrode
                  | rElec rPois}
  5276 | D:5      | Identified a scroll of acquirement
  5354 | D:5      | Reached skill level 7 in Armour
  5544 | D:5      | Reached ** piety under Okawaru
  5826 | D:5      | Killed Crazy Yiuf
  5832 | D:5      | Identified the +7 hammer of Floods {venom, rN+ Str+4 Int+3
                  | SInv}
  6001 | D:6      | Found a large runed translucent door.
  6001 | D:6      | Found a large runed translucent door.
  6003 | D:6      | Noticed enclume's ghost (novice MiBe)
  6041 | D:6      | Noticed Prince Ribbit
  6041 | D:6      | Noticed Menkaure
  6048 | D:6      | Killed Menkaure
  6049 | D:6      | Reached skill level 1 in Maces & Flails
  6052 | D:6      | Reached skill level 1 in Invocations
  6057 | D:6      | Killed Prince Ribbit
  6058 | D:6      | Reached skill level 8 in Armour
  6058 | D:6      | Reached skill level 1 in Stealth
  6058 | D:6      | Reached XP level 9. HP: 58/78 MP: 6/8
  6104 | D:6      | Identified the +2 hand axe "Aprawut" {protect, Fly Str-3
                  | Int+7}
  6213 | D:6      | Reached *** piety under Okawaru
  6332 | D:6      | Found Kituahuw's Overcharged Wands.
  6446 | D:6      | Found a glowing golden altar of the Shining One.
  6831 | D:7      | Reached skill level 9 in Armour
  7635 | D:8      | Noticed a two-headed ogre
  7646 | D:8      | Killed a two-headed ogre
  7646 | D:8      | Reached **** piety under Okawaru
  7687 | D:7      | Reached XP level 10. HP: 83/86 MP: 9/9
  7761 | D:8      | Noticed a two-headed ogre
  7767 | D:8      | Killed a two-headed ogre
  7768 | D:8      | Reached skill level 10 in Armour
  7899 | D:8      | Found a bloodstained altar of Trog.
  8015 | D:8      | Found a staircase to the Lair.
  8213 | D:9      | Reached ***** piety under Okawaru
  8625 | D:9      | Noticed a two-headed ogre
  8636 | D:9      | Killed a two-headed ogre
  8997 | D:10     | Entered Level 10 of the Dungeon
  9051 | D:10     | Slain by a yak

Illustrated notes

Levels and vault maps discovered:
D:1:      zaba_arrival_water, layout_basic, chequers_serial_rivers_small_b
D:2:      layout_basic, minmay_crystal_water
D:3:      layout_basic, hellmonk_ecumenical_altar_inner_sanctum, uniq_ijyb
D:4:      layout_loops_corners, fiery_altar_vehumet, led_sif_book,
          minmay_temple_entry_antechambers,
          hangedman_abyss_or_decor_jellyfish_corner
D:5:      layout_loops_corners, kennysheep_pointless_box, uniq_sigmund,
          uniq_eustachio, uniq_blork_the_orc, uniq_crazy_yiuf_cottage
D:6:      layout_basic, tso_altar, ebering_ghost_disaster_area,
          nicolae_shop_overcharged_wands, uniq_menkaure, uniq_prince_ribbit1
D:7:      layout_basic, kennysheep_nondescript
D:8:      layout_cave_pools, nicolae_overflow_hidden_temple, david_lair_shrubbed
D:9:      layout_basic
D:10:     layout_roguey, kennysheep_vampire_church, serial_shops,
          nicolae_shop_statue_plus, the_hattery
Temple:   hellmonk_temple_divided_pantheon

Skill      XL: |  1  2  3  4  5  6  7  8  9 10 |
---------------+-------------------------------+-----
Armour         | 4 5 6 8 9 10 | 10.5
Fighting       | 4 5 6 7 8 |  8.7
Shields        | 4 5 6 7 |  7.8
Long Blades    | 3 4 5 6 7 9 |  9.3
Dodging        | 1 2 |  2.9
Maces & Flails | 2 6 9 |  9.9
Invocations    | 1 |  1.4
Stealth        | 1 |  1.1

Action                   |  1- 3 |  4- 6 |  7- 9 | 10-12 || total
-------------------------+-------+-------+-------+-------++-------
Melee: Long sword        |    93 |   143 |   138 |       ||   374
       Headbutt          |    16 |    22 |    42 |    35 ||   115
       Mace              |       |       |   127 |   110 ||   237
       Falchion          |       |       |       |    46 ||    46
Invok: Heroism           |       |       |     6 |     2 ||     8
  Use: Scroll            |     6 |     1 |     6 |     7 ||    20
       Potion            |       |     1 |     1 |     1 ||     3
Armor: Scale mail        |    43 |     1 |       |       ||    44
       Chain mail        |       |    78 |   117 |    73 ||   268
Dodge: Dodged            |    52 |    75 |   166 |   113 ||   406
Block: Buckler           |    24 |    34 |    72 |    46 ||   176
